 Dungeon Crawl Stone Soup version 0.18-a0-1070-gd466a24 (webtiles) character file.

187 tof the Covered (level 5, -7/41 HPs)
             Began as a Demonspawn Fighter on Jan 13, 2016.
             Was a Follower of Ru.
             Killed by divine providence
             ... invoked by an orc priest
              (14 damage)
             ... on level 4 of the Dungeon.
             The game lasted 00:07:27 (3148 turns).

tof the Covered (Demonspawn Fighter)                Turns: 3148, Time: 00:07:28

Health: -7/41      AC: 13    Str: 16    XL:     5   Next: 39%
Magic:  5/5        EV:  3    Int:  9    God:    Ru [*.....]
Gold:   120        SH: 10    Dex: 14    Spells: 0 memorised, 4 levels left

rFire  . . .     SeeInvis .     m - +2 spear (distort)
rCold  . . .     Gourm    .     l - +0 plate armour
rNeg   . . .     Faith    .     c - +1 shield
rPois  .         Spirit   .     (helmet restricted)
rElec  .         Dismiss  .     (no cloak)
rCorr  .         Reflect  .     (no gloves)
SustAt .         Harm     .     (no boots)
MR     .....                    (no amulet)
Stlth  ..........               (no ring)
                                (no ring)

@: no potions, not resistant to hostile enchantments, extremely unstealthy
A: antennae 2, yellow scales 1, inability to drink while threatened
a: Renounce Religion


You were on level 4 of the Dungeon.
You worshipped Ru.
Ru was aware of your devotion.
You were not hungry.

You visited 1 branch of the dungeon, and saw 4 of its levels.

You collected 120 gold pieces.

Inventory:

Hand Weapons
 a - a +0 trident
 m - a +2 spear of distortion (weapon)
Armour
 b - a +0 scale mail
 c - a +1 shield (worn)
 l - a +0 plate armour (worn)
 n - a +0 ring mail
Wands
 i - a wand of slowing (37/48)
Scrolls
 h - 2 scrolls of identify
 k - a scroll of enchant armour
Potions
 d - a potion of might
 j - a potion of agility
 o - a potion of cure mutation {unknown}
Books
 e - a book of Battle

   Spells                             Type                      Level
   a - Infusion                       Charms                       1
   b - Shroud of Golubria             Charms/Translocation         2
   c - Song of Slaying                Charms                       2
   d - Spectral Weapon                Hexes/Charms                 3
   e - Regeneration                   Charms/Necromancy            3
Comestibles
 f - 4 bread rations
 g - a chunk of flesh
 p - 3 fruits


   Skills:
 + Level 3.3 Fighting
 + Level 2.2 Polearms
 + Level 4.0 Armour
 + Level 1.5 Dodging
 + Level 0.2 Stealth
 + Level 3.7 Shields


You had 4 spell levels left.
You didn't know any spells.

Dungeon Overview and Level Annotations

Branches:
Dungeon (4/15)
 Temple: D:4-7

Altars:
Dithmenos
Fedhas
Qazlal
Ru
Xom


Innate Abilities, Weirdness & Mutations

You have a pair of antennae on your head.
You are partially covered in yellow scales (AC +2).
You cannot drink potions while threatened.


Message History

You block the orc's attack. You block the orc wizard's attack.
You closely miss the orc.
The orc priest invokes the aid of Beogh against you.
You barely resist.
The orc priest hits you but does no damage.
You block the orc wizard's attack. The orc hits you but does no damage.
You completely miss the orc.
The orc wizard gestures wildly while chanting.
The orc wizard blinks!
You block the orc's attack.
The orc wizard gestures at you while chanting.
The puff of frost hits you!
Your shield prevents you from hitting the orc.
The orc priest hits you but does no damage.
The orc wizard gestures at you while chanting.
The magic dart hits you!
* * * LOW HITPOINT WARNING * * *
You block the orc wizard's attack. The orc hits you but does no damage.
The orc priest mumbles some strange prayers to Beogh against you.
Something smites you!
You die...

### #.# #.##
####.o######
#..o@o......
#####...o#######
#..!..o...# ###
####.##......#
...###............#
#................#
###.......$.......#
...........########
...........#


You could see 2 orc priests, 2 orc wizards and an orc.

Vanquished Creatures
  A giant frog (D:4)
  4 adders (D:2)
  2 oozes
  3 worms
  6 giant geckos
  4 orcs
  3 giant cockroaches
  7 goblins
  6 hobgoblins
  9 kobolds
  2 ball pythons (D:2)
  9 bats
  6 giant newts
  3 rats
65 creatures vanquished.

Notes
Turn   | Place    | Note
--------------------------------------------------------------
     0 | D:1      | tof the Demonspawn Fighter began the quest for the Orb.
     0 | D:1      | Reached XP level 1. HP: 18/18 MP: 1/1
    83 | D:1      | Gained mutation: You have a pair of small antennae on your head. [demonic ancestry]
    83 | D:1      | Reached XP level 2. HP: 24/24 MP: 2/2
   770 | D:2      | Gained mutation: You have a pair of antennae on your head. [demonic ancestry]
   770 | D:2      | Reached XP level 3. HP: 14/29 MP: 3/3
  1195 | D:2      | Found a shadowy altar of Dithmenos.
  1227 | D:2      | Reached skill level 1 in Dodging
  1232 | D:2      | Found a stormy altar of Qazlal.
  1304 | D:2      | Found a shimmering altar of Xom.
  1336 | D:2      | Reached XP level 4. HP: 35/35 MP: 4/4
  1703 | D:2      | Found a sacrificial altar of Ru.
  1712 | D:2      | Became a worshipper of Ru the Awakened
  2201 | D:3      | Found a blossoming altar of Fedhas.
  3061 | D:4      | Gained mutation: You cannot drink potions while threatened. [Ru sacrifice]
  3061 | D:4      | Reached * piety under Ru
  3071 | D:4      | Noticed a giant frog
  3078 | D:4      | Killed a giant frog
  3078 | D:4      | Reached skill level 4 in Armour
  3078 | D:4      | Gained mutation: You are partially covered in yellow scales (AC +2). [demonic ancestry]
  3078 | D:4      | Reached XP level 5. HP: 32/41 MP: 5/5
  3148 | D:4      | Killed from afar by an orc priest

Vault maps used:
D:1:      tarquinn_simple_flora_water_b, grunt_decor_fettered,
          hangedman_decor_diamond_cutter, hangedman_feature_mirror
D:2:      xom_teletrap_fun, lemuel_crystal_altar, nicolae_ru_path_of_blood,
          nicolae_qazlal_general_emergency
D:3:      overflow_temple_1_default
D:4:      minmay_temple_entry_fiery, first_bread, gup_sewer_entry_bubbles,
          serial_glass, glass_columns_b, glass_columns_b, feat_on_display,
          item_on_display_a, uniq_crazy_yiuf_cottage, uniq_duvessa

Action                   |  1- 3 |  4- 6 || total
-------------------------+-------+-------++-------
Melee: Trident           |   162 |    76 ||   238
       Spear             |       |    37 ||    37
Invok: Sacrifice Drink   |       |     1 ||     1
  Use: Scroll            |     6 |     1 ||     7
       Potion            |     2 |     3 ||     5
  Eat: Chunk             |     2 |     6 ||     8
